 Dungeon Crawl Stone Soup version 0.21-a0-329-g12f17e1 (webtiles) character file.

329 vishdafish the Charmwright (level 6, -5/44 HPs)
             Began as a Demonspawn Skald on Oct 1, 2017.
             Was a Follower of Cheibriados.
             Slain by Rhok's ghost (7 damage)
             ... on level 4 of the Dungeon.
             The game lasted 00:06:20 (2255 turns).

vishdafish the Charmwright (Demonspawn Skald)       Turns: 2255, Time: 00:06:21

Health: -5/44      AC: 11    Str: 11 (14) XL:     6   Next: 25%
Magic:  0/9        EV: 12    Int: 19 (20) God:    Cheibriados [*.....]
Gold:   168        SH:  0    Dex: 13 (15) Spells: 8/9 levels left

rFire    . . .     SeeInvis .   a - +0 spear
rCold    + . .     Gourm    .   (no shield)
rNeg     . . .     Faith    .   s - +3 leather armour
rPois    .         Spirit   +   v - +0 helmet
rElec    .         Reflect  .   (no cloak)
rCorr    .         Harm     .   (no gloves)
MR       +....                  (no boots)
Stlth    +.........             (no amulet)
HPRegen  0.14/turn              g - ring of protection from cold
MPRegen  0.11/turn              n - ring of protection from magic

@: flying, very slow
A: hooves 2, iridescent scales 2, magic shield
a: Bend Time, Renounce Religion


You were on level 4 of the Dungeon.
You worshipped Cheibriados.
Cheibriados was aware of your devotion.
You were hungry.

You visited 1 branch of the dungeon, and saw 4 of its levels.

You collected 168 gold pieces.

Inventory:

Hand Weapons
 a - a +0 spear (weapon)
Armour
 b - a +0 leather armour
 s - a +3 leather armour (worn)
 v - a +0 helmet (worn)
Jewellery
 g - a ring of protection from cold (left hand)
 n - a ring of protection from magic (right hand)
 p - an uncursed ring of fire
Scrolls
 f - a scroll of random uselessness {unknown}
 h - 3 scrolls of remove curse
 k - 3 scrolls of teleportation {unknown}
 o - 2 scrolls of fog {unknown}
 q - a scroll of amnesia {unknown}
 t - a scroll of enchant armour {unknown}
Potions
 e - a potion of mutation
 i - a potion of degeneration
 l - a potion of magic
 r - a potion of resistance {unknown}
Books
 c - a book of Battle

   Spells                             Type                      Level
   a - Infusion                       Charms                       1
   b - Shroud of Golubria             Charms/Translocation         2
   c - Song of Slaying                Charms                       2
   d - Spectral Weapon                Hexes/Charms                 3
   e - Regeneration                   Charms/Necromancy            3
Comestibles
 d - 7 bread rations
 j - 2 fruits
 u - a royal jelly


   Skills:
 - Level 2.0 Fighting
 + Level 4.3 Polearms
 - Level 1.0 Armour
 - Level 2.0 Dodging
 - Level 2.0 Spellcasting
 + Level 4.8 Charms
 * Level 0.7 Invocations


You had 8 spell levels left.
You knew the following spells:

 Your Spells              Type           Power        Failure   Level  Hunger
a - Infusion              Chrm           ###.         3%          1    #......


Dungeon Overview and Level Annotations

Branches:
Dungeon (4/15)
 Temple: D:4-7

Altars:
Cheibriados
Dithmenos

Annotations:
D:4 Rhok's ghost, amateur DrTm


Innate Abilities, Weirdness & Mutations

You have hoof-like feet.
You are mostly covered in iridescent scales. (AC +4)
When hurt, damage is shared between your health and your magic reserves.


Message History

Your leather armour prevents you from hitting Rhok's ghost.
You kick Rhok's ghost.
Rhok's ghost is moderately damaged.
Rhok's ghost misses you.
Rhok's ghost hits you but does no damage.
Rhok's ghost closely misses you.
You hit Rhok's ghost but do no damage.
Rhok's ghost is moderately damaged.
You hit Rhok's ghost but do no damage. Your kick misses Rhok's ghost.
Rhok's ghost is moderately damaged.
Rhok's ghost hits you.
* * * LOW HITPOINT WARNING * * *
You closely miss Rhok's ghost.
Rhok's ghost is moderately damaged.
Rhok's ghost hits you.
* * * LOW HITPOINT WARNING * * *
It was a potion of flight.
You feel very buoyant.
You fly up into the air.
Rhok's ghost hits you!
You die...

#.##...# .........
#.##...# ##......# #
#.##...# .....W.<#
#.#.##...# ##........#
#.#.##...# ........###
#........########.......
###.##.###...........#.#
#.##.# #W######.##.#.#
#.##.# #@# #.....#.#
#.##.###.# #. ####.#
##### #.##.....# ....#
#.######## ###.# #.# #.#
#.# #.# #.# #.# #.#
###.#####.#


You could see Rhok's ghost.

Vanquished Creatures
  An ogre (D:2)
  A crimson imp (D:3)
  An orc priest (D:3)
  A hound (D:3)
  Robin (D:3)
  2 howler monkey skeletons (D:4)
  5 adders
  3 worms
  4 leopard geckos
  4 orcs (D:3)
  14 goblins
  9 hobgoblins
  A kobold (D:3)
  2 quokkas
  5 bats
  2 frilled lizards
  6 rats
62 creatures vanquished.

Notes
Turn   | Place    | Note
-------+----------+-------------------------------------------
     0 | D:1      | vishdafish the Demonspawn Skald began the quest for the Orb.
     0 | D:1      | Reached XP level 1. HP: 16/16 MP: 3/3
   185 | D:1      | Reached skill level 1 in Armour
   243 | D:1      | Gained mutation: When hurt, damage is shared between your health and your magic reserves. [demonic ancestry]
   243 | D:1      | Reached XP level 2. HP: 15/22 MP: 5/5
   839 | D:2      | Noticed an ogre
   847 | D:2      | HP: 1/22 [ogre/giant club (12)]
   914 | D:2      | Killed an ogre
   914 | D:2      | Gained mutation: You have large cloven feet. [demonic ancestry]
   914 | D:2      | Reached XP level 3. HP: 14/27 MP: 0/6
   914 | D:2      | Gained mutation: You are partially covered in iridescent scales. (AC +2) [demonic ancestry]
   914 | D:2      | Reached XP level 4. HP: 18/33 MP: 0/7
  1157 | D:3      | Gained mutation: You are mostly covered in iridescent scales. (AC +4) [demonic ancestry]
  1157 | D:3      | Reached XP level 5. HP: 36/38 MP: 0/8
  1276 | D:3      | Found a snail-covered altar of Cheibriados.
  1306 | D:3      | Became a worshipper of Cheibriados the Contemplative
  1309 | D:3      | Found a shadowy altar of Dithmenos.
  1567 | D:3      | Gained mutation: You have hoof-like feet. [demonic ancestry]
  1567 | D:3      | Reached XP level 6. HP: 44/44 MP: 5/9
  1568 | D:3      | Reached * piety under Cheibriados
  1586 | D:3      | Noticed Robin
  1592 | D:3      | Killed Robin
  2010 | D:4      | Noticed Rhok's ghost (amateur DrTm)
  2254 | D:4      | HP: 1/44 [Rhok's ghost (5)]
  2255 | D:4      | Slain by Rhok's ghost

Vault maps used:
D:1:      lemuel_arrival_room, minmay_misc_feat_tower, dk_noncrumbling_3
D:3:      grunt_dithmenos_smoke_and_mirrors, cheibriados_altar_1, serial_glass,
          glass_columns_c, glass_columns_a, item_on_display_a,
          minmay_strange_pillars, item_on_display_a, first_bread, uniq_robin
D:4:      kennysheep_windowed_goal, uniq_natasha, uniq_sigmund, uniq_ijyb

Skill      XL: |  1  2  3  4  5 |
---------------+----------------+-----
Armour         | 1 |  1.0
Polearms       | 2 3 4 |  4.3
Dodging        | 2 |  2.0
Charms         | 3 4 |  4.8
Fighting       | |  2.0
Spellcasting   | |  2.0
Invocations    | |  0.7

Action                   |  1- 3 |  4- 6 || total
-------------------------+-------+-------++-------
Melee: Spear             |    58 |   235 ||   293
       Kick              |       |    46 ||    46
 Cast: Infusion          |     5 |    10 ||    15
Invok: Bend Time         |       |     2 ||     2
  Use: Scroll            |     4 |       ||     4
       Potion            |     3 |     2 ||     5
 Stab: Invisible         |     1 |       ||     1
       Sleeping          |     1 |       ||     1
  Eat: Chunk             |       |     3 ||     3
Armor: Leather armour    |     7 |    52 ||    59
Dodge: Dodged            |    30 |    91 ||   121

Table legend:
 A = Spawn XP
 B = Non-spawn XP
 C = Spawn XP percentage of total XP
 D = Spawn monster count
 E = Non-spawn monster count
 F = Spawn count percentage of total count
 G = Total turns spent on level
                    A         B        C        D         E        F      G
               +---------+---------+-------+---------+---------+-------+---------
         Total |       0 |     471 |   0.0 |       0 |      62 |   0.0 |  2255
               +---------+---------+-------+---------+---------+-------+---------
           D:1 |       0 |      15 |   0.0 |       0 |       9 |   0.0 |   642
           D:2 |       0 |     156 |   0.0 |       0 |       9 |   0.0 |   498
           D:3 |       0 |     270 |   0.0 |       0 |      41 |   0.0 |   898
           D:4 |       0 |      30 |   0.0 |       0 |       3 |   0.0 |   217
               +---------+---------+-------+---------+---------+-------+---------
